 Dungeon Crawl Stone Soup version 0.25-a0-41-g6cf4ce537d (webtiles) character file.

Game seed: 7695686170059309706, levelgen mode: deterministic

297 Alarkh the Slasher (level 6, 27/47 HPs)
             Began as a Demonspawn Fighter on Oct 21, 2019.
             Got out of the dungeon alive.
             The game lasted 00:02:15 (1901 turns).

Alarkh the Slasher (Demonspawn Fighter)             Turns: 1901, Time: 00:02:16

Health: 27/47      AC:  8    Str: 16    XL:     6   Next: 12%
Magic:  6/6        EV:  6    Int: 12    God:
Gold:   149        SH:  8    Dex: 12    Spells: 5/5 levels left

rFire    . . .     SeeInvis .   a - +0 long sword
rCold    . . .     Gourm    .   c - +0 shield
rNeg     . . .     Faith    .   b - +0 scale mail
rPois    .         Spirit   .   (no helmet)
rElec    .         Reflect  .   (no cloak)
rCorr    .         Harm     .   (no gloves)
MR       .....                  (no boots)
Stlth    ..........             (no amulet)
HPRegen  0.15/turn              k - ring of attention (curse)
MPRegen  0.10/turn              (no ring)

@: no status effects
A: claws 1, molten scales 1, powered by death 1
a: no special abilities


You escaped.
You were not hungry.

You visited 1 branch of the dungeon, and saw 3 of its levels.

You collected 149 gold pieces.

Inventory:

Hand Weapons
 a - a +0 long sword (weapon)
Armour
 b - a +0 scale mail (worn)
 c - a +0 shield (worn)
Jewellery
 k - a cursed ring of attention (left claw)
Scrolls
 e - a scroll of teleportation {unknown}
 i - 3 scrolls of identify {unknown}
 l - a scroll of fog {unknown}
 n - a scroll of remove curse {unknown}
 o - 2 scrolls of magic mapping {unknown}
Potions
 d - a potion of might
 h - 3 potions of haste
 j - a potion of flight {unknown}
 m - a potion of mutation {unknown}
 p - a potion of lignification
Comestibles
 f - 3 rations
 g - 4 chunks of flesh


   Skills:
 - Level 3.2 Fighting
 + Level 5.6 Long Blades
 - Level 3.0 Armour
 - Level 2.7 Shields


You had 5 spell levels left.
You didn't know any spells.
Your spell library was empty.

Dungeon Overview and Level Annotations

Branches:
Dungeon (3/15)

Altars:


Innate Abilities, Weirdness & Mutations

You have sharp fingernails.
You are partially covered in molten scales. (AC +2)
You regenerate a little health from kills.


Message History

You see here a jackal corpse.
You feel a little less mighty now.
g - 3 chunks of flesh (gained 2)
You see here a jackal skeleton.
Things that are here:
a quokka corpse; a rat corpse
g - 4 chunks of flesh (gained 1)
Things that are here:
a quokka skeleton; a rat corpse
There is a stone staircase leading up here.
You climb upwards.
There is a stone staircase leading down here.
There is a stone staircase leading up here.
You climb upwards.
There is a stone staircase leading down here.
You open the door.
There is an open door here.
There is a staircase leading out of the dungeon here.
Are you sure you want to leave the Dungeon?
This will make you lose the game!
You have escaped!

#..........#
############..........#
#.....................#
#.#######.##>..........
#.# ##'############.
#.# #...# #. #.# #...#
#. #.# ###...### #. #.#
#@......# #.
#.####.......#### #.
#.#.............# #.
#.+......⌠.....(#######
###.............#......
####.......####......
#.......# #......
###...### #...... #...#
#......


There were no monsters in sight!

Vanquished Creatures
  Grinder (D:3)
  2 adders (D:2)
  An ooze (D:2)
  2 worms
  2 dart slugs (D:1)
  A leopard gecko (D:2)
  A ball python (D:2)
  2 giant cockroaches
  11 goblins
  11 hobgoblins
  3 jackals (D:3)
  A quokka (D:3)
  8 bats
  6 frilled lizards
  5 kobolds
  4 rats
61 creatures vanquished.

Notes
Turn   | Place    | Note
-------+----------+-------------------------------------------
     0 | D:1      | Alarkh the Demonspawn Fighter began the quest for the Orb.
     0 | D:1      | Reached XP level 1. HP: 18/18 MP: 1/1
    70 | D:1      | Gained mutation: You regenerate a little health from kills.
                  | [demonic ancestry]
    70 | D:1      | Reached XP level 2. HP: 19/24 MP: 2/2
   112 | D:1      | Reached skill level 2 in Long Blades
   483 | D:1      | Reached XP level 3. HP: 24/29 MP: 3/3
   801 | D:2      | Reached skill level 3 in Long Blades
  1327 | D:2      | Gained mutation: You have sharp fingernails. [demonic
                  | ancestry]
  1327 | D:2      | Reached XP level 4. HP: 34/35 MP: 4/4
  1784 | D:3      | Noticed Grinder
  1819 | D:3      | Killed Grinder
  1819 | D:3      | Reached skill level 5 in Long Blades
  1819 | D:3      | Gained mutation: You are partially covered in molten
                  | scales. (AC +2) [demonic ancestry]
  1819 | D:3      | Reached XP level 5. HP: 21/41 MP: 5/5
  1819 | D:3      | Reached XP level 6. HP: 24/47 MP: 6/6
  1901 | D:$      | Got out of the dungeon alive.

Levels and vault maps discovered:
D:1:      minmay_arrival_cross, layout_basic
D:2:      layout_basic
D:3:      minmay_spotlight, layout_basic, first_ration,
          chequers_ecumenical_altar_twisty, uniq_grinder

Skill      XL: |  1  2  3  4 |
---------------+-------------+-----
Armour         | 3 |  3.0
Long Blades    | 2 3 5 |  5.6
Fighting       | |  3.2
Shields        | |  2.7

Action                   |  1- 3 |  4- 6 || total
-------------------------+-------+-------++-------
Melee: Long sword        |   174 |    62 ||   236
  Use: Potion            |       |     3 ||     3
  Eat: Chunk             |     2 |     2 ||     4
Armor: Scale mail        |    94 |    33 ||   127
Dodge: Dodged            |    44 |    17 ||    61
Block: Shield            |   114 |    35 ||   149
       Rpst.: Long sword |     6 |     5 ||    11

Table legend:
 A = Non-vault XP
 B = Vault XP
 C = Vault XP percentage of total XP
 D = Non-vault monster count
 E = Vault monster count
 F = Vault count percentage of total count
                 A         B        C        D         E       F
            +---------+---------+-------+---------+---------+-------
      Total |     139 |     286 |  67.3 |      60 |       1 |   1.6
            +---------+---------+-------+---------+---------+-------
        D:1 |      53 |       0 |   0.0 |      29 |       0 |   0.0
        D:2 |      70 |       0 |   0.0 |      24 |       0 |   0.0
        D:3 |      16 |     286 |  94.7 |       7 |       1 |  12.5
            +---------+---------+-------+---------+---------+-------
